TOP OF THE 1ST |
Quad Cities River Bandits batting - Pitching for Cedar Rapids Kernels : LHP Kevin Drew
|
Pitching: LHP Kevin Drew
|
|
Batting: RHB Reginald McDougall
|
0-0: Ground out 5-3 (Groundball, 56S, EV 85.0 MPH)
|
Batting: RHB Matthew Adams
|
0-0: Ball 1-0: Ball 2-0: SINGLE (Groundball, 56D, EV 105.6 MPH)
|
Batting: RHB Marty King
|
0-0: Ball 1-0: Foul Ball, location: 2F 1-1: Ball 2-1: Ball 3-1: Base on Balls Matthew Adams to second
|
Batting: RHB Bobby Larson
|
0-0: Swinging Strike 0-1: Ball 1-1: Ball 2-1: Grounds into double play, 6-4-3 (Groundball, 6, EV 106.2 MPH)
|
Top of the 1st over - 0 runs, 1 hit, 0 errors, 1 left on base; Quad Cities 0 - Cedar Rapids 0 |
BOTTOM OF THE 1ST |
Cedar Rapids Kernels batting - Pitching for Quad Cities River Bandits : RHP David Toellner
|
Pitching: RHP David Toellner
|
|
Batting: SHB Matt Urbani
|
0-0: Foul Ball, location: 2F 0-1: Ball 1-1: Foul Ball, location: 2F 1-2: Ball 2-2: Ball 3-2: Fly out, F9 (Flyball, 9LSF, EV 88.1 MPH)
|
Batting: RHB John Dew
|
0-0: Called Strike 0-1: Ball 1-1: Foul Ball, location: 2F 1-2: Ball 2-2: SINGLE (Groundball, 56D, EV 109.4 MPH)
|
Batting: RHB Ryan Gautney
|
0-0: Ball 1-0: Foul Ball, location: 2F 1-1: SINGLE (Groundball, 6MD, EV 101.9 MPH) John Dew to second
|
Batting: LHB David Campbell
|
0-0: Ball 1-0: Ball 2-0: Called Strike 2-1: Called Strike 2-2: Foul Ball, location: 2F 2-2: Ball Wild Pitch! John Dew to third Ryan Gautney to second 3-2: Foul Ball, location: 2F 3-2: Base on Balls
|
Batting: SHB Manny Molina
|
0-0: Ball 1-0: Ball 2-0: Called Strike 2-1: Ball 3-1: Grounds into fielders choice 1-2 (Groundball, 13S, EV 73.1 MPH) Ryan Gautney to third David Campbell to second
|
Batting: RHB Tony Crespo
|
0-0: Swinging Strike 0-1: Ball 1-1: Called Strike 1-2: Ball 2-2: Foul Ball, location: 2F 2-2: Ball 3-2: Strikes out swinging
|
Bottom of the 1st over - 0 runs, 2 hits, 0 errors, 3 left on base; Quad Cities 0 - Cedar Rapids 0 |
TOP OF THE 2ND |
Quad Cities River Bandits batting - Pitching for Cedar Rapids Kernels : LHP Kevin Drew
|
Batting: RHB Alex Campos
|
0-0: Swinging Strike 0-1: Swinging Strike 0-2: Foul Ball, location: 2F 0-2: Ball 1-2: Foul Ball, location: 2F 1-2: SINGLE (Line Drive, 4D, EV 100.0 MPH)
|
Batting: LHB Daigo Ishii
|
0-0: Swinging Strike 0-1: Ball 1-1: Fly out, F5 (Popup, 56S, EV 86.9 MPH)
|
Batting: RHB Adrian Martinelli
|
0-0: Called Strike 0-1: Swinging Strike 0-2: Strikes out swinging
|
Batting: RHB Erik Smith
|
0-0: Called Strike 0-1: Fielders Choice at 2nd, 6-4 (Groundball, 6, EV 101.9 MPH)
|
Top of the 2nd over - 0 runs, 1 hit, 0 errors, 1 left on base; Quad Cities 0 - Cedar Rapids 0 |
BOTTOM OF THE 2ND |
Cedar Rapids Kernels batting - Pitching for Quad Cities River Bandits : RHP David Toellner
|
Batting: LHB Yasutoshi Hayashi
|
0-0: Ball 1-0: DOUBLE (Line Drive, 7LM, EV 106.2 MPH)
|
Batting: RHB Nick Phipps
|
0-0: Called Strike 0-1: Foul Ball, location: 2F 0-2: Strikes out swinging
|
Batting: RHB Rick Kendall
|
0-0: Ball 1-0: Hit by Pitch
|
Batting: SHB Matt Urbani
|
0-0: Called Strike 0-1: Ball 1-1: Ball 2-1: Foul Ball, location: 2F 2-2: Foul Ball, location: 2F 2-2: Ball 3-2: SINGLE (Groundball, 34D, EV 95.0 MPH) Yasutoshi Hayashi to third Rick Kendall to second Runner from 3rd tries for Home, SAFE, throw by RF to home
|
Batting: RHB John Dew
|
0-0: Called Strike 0-1: Swinging Strike 0-2: Foul Ball, location: 2F 0-2: Ball 1-2: Foul Ball, location: 2F 1-2: Strikes out swinging
|
Batting: RHB Ryan Gautney
|
0-0: Ball 1-0: SINGLE (Groundball, 56D, EV 101.9 MPH) Rick Kendall to third Matt Urbani to second Throwing error, E7 Rick Kendall scores Matt Urbani to third Ryan Gautney to second
|
Batting: LHB David Campbell
|
0-0: Ball 1-0: Ball 2-0: Ball 3-0: Called Strike 3-1: Foul Ball, location: 2F 3-2: Base on Balls
|
Batting: SHB Manny Molina
|
0-0: Ball 1-0: Foul Ball, location: 2F 1-1: Ball 2-1: Foul Ball, location: 2F 2-2: SINGLE (Popup, 5D, EV 58.1 MPH) Matt Urbani scores Ryan Gautney to third David Campbell to second Runner from 3rd tries for Home, SAFE, throw by SS to home
|
Batting: RHB Tony Crespo
|
0-0: Ball 1-0: Ground out 6-3 (Groundball, 56, EV 95.6 MPH)
|
Bottom of the 2nd over - 4 runs, 4 hits, 1 error, 2 left on base; Quad Cities 0 - Cedar Rapids 4 |
TOP OF THE 3RD |
Quad Cities River Bandits batting - Pitching for Cedar Rapids Kernels : LHP Kevin Drew
|
Batting: RHB Kieron Clark
|
0-0: Ground out 4-3 (Groundball, 34, EV 109.4 MPH)
|
Batting: RHB Reginald McDougall
|
0-0: Called Strike 0-1: Foul Ball, location: 2F 0-2: Foul Ball, location: 2F 0-2: Ball 1-2: Ball 2-2: SINGLE (Line Drive, 34D, EV 100.6 MPH)
|
Batting: RHB Matthew Adams
|
0-0: Foul Ball, location: 2F 0-1: Ball 1-1: Ball 2-1: Called Strike Reginald McDougall is caught stealing 2nd base 2-4 2-2: Ball 3-2: Fly out, F9 (Flyball, 9, EV 76.9 MPH)
|
Top of the 3rd over - 0 runs, 1 hit, 0 errors, 0 left on base; Quad Cities 0 - Cedar Rapids 4 |
BOTTOM OF THE 3RD |
Cedar Rapids Kernels batting - Pitching for Quad Cities River Bandits : RHP David Toellner
|
Batting: LHB Yasutoshi Hayashi
|
0-0: Ball 1-0: Ball 2-0: SINGLE (Groundball, 4MD, EV 97.5 MPH)
|
Batting: RHB Nick Phipps
|
0-0: Called Strike 0-1: Ball 1-1: Ground out 4-3 (Groundball, 34, EV 91.9 MPH) Yasutoshi Hayashi to second
|
Batting: RHB Rick Kendall
|
0-0: Ball 1-0: Called Strike 1-1: Foul Ball, location: 2F 1-2: Ball 2-2: Strikes out swinging
|
Batting: SHB Matt Urbani
|
0-0: Ball 1-0: Ball 2-0: Foul Ball, location: 2F 2-1: Ball 3-1: Base on Balls
|
Batting: RHB John Dew
|
0-0: Foul Ball, location: 2F 0-1: Swinging Strike 0-2: Ball 1-2: Foul Ball, location: 2F 1-2: Ball 2-2: Strikes out swinging
|
Bottom of the 3rd over - 0 runs, 1 hit, 0 errors, 2 left on base; Quad Cities 0 - Cedar Rapids 4 |
TOP OF THE 4TH |
Quad Cities River Bandits batting - Pitching for Cedar Rapids Kernels : LHP Kevin Drew
|
Batting: RHB Marty King
|
0-0: Swinging Strike 0-1: Ground out 6-3 (Groundball, 6, EV 80.6 MPH)
|
Batting: RHB Bobby Larson
|
0-0: Ball 1-0: Foul Ball, location: 2F 1-1: Ball 2-1: Foul Ball, location: 2F 2-2: Ball 3-2: Foul Ball, location: 2F 3-2: Fly out, F8 (Flyball, 8RXD, EV 87.5 MPH)
|
Batting: RHB Alex Campos
|
0-0: Hit by Pitch
|
Batting: LHB Daigo Ishii
|
0-0: Ball 1-0: Ball 2-0: Fly out, F3 (Popup, 23F, EV 81.2 MPH)
|
Top of the 4th over - 0 runs, 0 hits, 0 errors, 1 left on base; Quad Cities 0 - Cedar Rapids 4 |
BOTTOM OF THE 4TH |
Cedar Rapids Kernels batting - Pitching for Quad Cities River Bandits : RHP David Toellner
|
Batting: RHB Ryan Gautney
|
0-0: Fly out, F7 (Line Drive, 7S, EV 93.8 MPH)
|
Pitching: LHP T.J. Westover
|
|
Batting: LHB David Campbell
|
0-0: Fly out, F9 (Flyball, 9D, EV 99.4 MPH)
|
Batting: SHB Manny Molina
|
0-0: Ball 1-0: Ground out U3 (Groundball, 34, EV 106.9 MPH)
|
Bottom of the 4th over - 0 runs, 0 hits, 0 errors, 0 left on base; Quad Cities 0 - Cedar Rapids 4 |
TOP OF THE 5TH |
Quad Cities River Bandits batting - Pitching for Cedar Rapids Kernels : LHP Kevin Drew
|
Batting: RHB Adrian Martinelli
|
0-0: SINGLE (Groundball, 6S, EV 68.8 MPH) (infield hit)
|
Batting: RHB Erik Smith
|
0-0: Called Strike 0-1: Swinging Strike 0-2: Strikes out swinging
|
Batting: RHB Kieron Clark
|
0-0: DOUBLE (Groundball, 5L, EV 95.0 MPH) Adrian Martinelli to third
|
Batting: RHB Reginald McDougall
|
0-0: Called Strike 0-1: SINGLE (Line Drive, 4MD, EV 88.1 MPH) Adrian Martinelli scores Kieron Clark to third
|
Batting: RHB Matthew Adams
|
0-0: Ball 1-0: Foul Ball, location: 2F 1-1: Swinging Strike 1-2: Ground out 5-3 (Groundball, 56, EV 102.5 MPH) Kieron Clark scores Reginald McDougall to second
|
Batting: RHB Marty King
|
0-0: Called Strike 0-1: Foul Ball, location: 2F 0-2: Ball 1-2: Ball Wild Pitch! Reginald McDougall to third 2-2: Ball 3-2: Strikes out swinging
|
Top of the 5th over - 2 runs, 3 hits, 0 errors, 1 left on base; Quad Cities 2 - Cedar Rapids 4 |
BOTTOM OF THE 5TH |
Cedar Rapids Kernels batting - Pitching for Quad Cities River Bandits : LHP T.J. Westover
|
Batting: RHB Tony Crespo
|
0-0: Foul Ball, location: 2F 0-1: Foul Ball, location: 2F 0-2: Ball 1-2: Ball 2-2: Ground out 3-1 (Groundball, 34S, EV 78.1 MPH)
|
Batting: LHB Yasutoshi Hayashi
|
0-0: Swinging Strike 0-1: Ball 1-1: Ball 2-1: Foul Ball, location: 2F 2-2: Ball 3-2: Strikes out swinging
|
Batting: RHB Nick Phipps
|
0-0: Called Strike 0-1: Ball 1-1: Swinging Strike 1-2: Strikes out swinging
|
Bottom of the 5th over - 0 runs, 0 hits, 0 errors, 0 left on base; Quad Cities 2 - Cedar Rapids 4 |
TOP OF THE 6TH |
Quad Cities River Bandits batting - Pitching for Cedar Rapids Kernels : LHP Kevin Drew
|
Batting: RHB Bobby Larson
|
0-0: Ball 1-0: Ball 2-0: Called Strike 2-1: Foul Ball, location: 2F 2-2: Foul Ball, location: 2F 2-2: Ball 3-2: Fly out, F7 (Flyball, 7S, EV 90.6 MPH)
|
Batting: RHB Alex Campos
|
0-0: Foul Ball, location: 2F 0-1: Called Strike 0-2: TRIPLE (Flyball, 89XD, EV 93.1 MPH)
|
Batting: LHB Daigo Ishii
|
0-0: Ball 1-0: Ball 2-0: Foul Ball, location: 2F 2-1: Ball 3-1: Foul Ball, location: 2F 3-2: Foul Ball, location: 2F 3-2: Foul Ball, location: 2F 3-2: Fly out, F8 (Flyball, 8LD, EV 102.5 MPH) Runner from 3rd tags up, SCORES, throw by CF
|
Batting: RHB Adrian Martinelli
|
0-0: Swinging Strike 0-1: Ground out 5-3 (Groundball, 56S, EV 78.8 MPH)
|
Top of the 6th over - 1 run, 1 hit, 0 errors, 0 left on base; Quad Cities 3 - Cedar Rapids 4 |
BOTTOM OF THE 6TH |
Cedar Rapids Kernels batting - Pitching for Quad Cities River Bandits : LHP T.J. Westover
|
Pitching: LHP Francisco de la Torre
|
|
Batting: RHB Rick Kendall
|
0-0: Ball 1-0: Foul Ball, location: 2F 1-1: Ball 2-1: Foul Ball, location: 2F 2-2: Foul Ball, location: 2F 2-2: TRIPLE (Line Drive, 78XD, EV 108.1 MPH)
|
Batting: SHB Matt Urbani
|
0-0: Ball 1-0: Ball 2-0: Ball 3-0: Called Strike 3-1: Called Strike 3-2: Foul Ball, location: 2F 3-2: Ground out 5-3 (Groundball, 5S, EV 75.0 MPH)
|
Batting: RHB John Dew
|
0-0: Ball 1-0: Ball 2-0: Foul Ball, location: 2F 2-1: Ball 3-1: Base on Balls
|
Pitching: RHP Malachi Shelton
|
|
Batting: RHB Ryan Gautney
|
0-0: Ball 1-0: Called Strike 1-1: Foul Ball, location: 2F 1-2: Ball 2-2: 3-RUN HOME RUN (Flyball, 7LD, EV 90.6 MPH), Distance : 341 ft
|
Batting: LHB David Campbell
|
0-0: Ball 1-0: Called Strike 1-1: Ball 2-1: Ball 3-1: Base on Balls
|
Batting: SHB Manny Molina
|
0-0: Ball 1-0: Called Strike 1-1: Fly out, F4 (Popup, 3DF, EV 75.6 MPH)
|
Batting: RHB Tony Crespo
|
0-0: Foul Ball, location: 2F 0-1: SINGLE (Groundball, 34D, EV 102.5 MPH) David Campbell to second Runner from 2nd tries for 3rd, SAFE, throw by RF made to third Tony Crespo to second
|
Batting: LHB Yasutoshi Hayashi
|
0-0: Called Strike 0-1: SINGLE (Groundball, 4S, EV 67.5 MPH) (infield hit) David Campbell scores Tony Crespo to third
|
Batting: RHB Nick Phipps
|
0-0: Foul Ball, location: 2F 0-1: DOUBLE (Line Drive, 89D, EV 113.1 MPH) Tony Crespo scores Yasutoshi Hayashi to third
|
Batting: RHB Rick Kendall
|
0-0: Fly out, F8 (Line Drive, 8LD, EV 96.9 MPH)
|
Bottom of the 6th over - 5 runs, 5 hits, 0 errors, 2 left on base; Quad Cities 3 - Cedar Rapids 9 |
TOP OF THE 7TH |
Quad Cities River Bandits batting - Pitching for Cedar Rapids Kernels : LHP Kevin Drew
|
Batting: RHB Erik Smith
|
0-0: Ball 1-0: Ball 2-0: Foul Ball, location: 2F 2-1: Foul Ball, location: 2F 2-2: Strikes out swinging
|
Batting: RHB Kieron Clark
|
0-0: Ball 1-0: Ball 2-0: Ground out 6-3 (Groundball, 56, EV 83.1 MPH)
|
Batting: RHB Reginald McDougall
|
0-0: Ball 1-0: Swinging Strike 1-1: Ball 2-1: Foul Ball, location: 2F 2-2: Ball 3-2: Ground out 1-3 (Groundball, 13S, EV 68.1 MPH)
|
Top of the 7th over - 0 runs, 0 hits, 0 errors, 0 left on base; Quad Cities 3 - Cedar Rapids 9 |
BOTTOM OF THE 7TH |
Cedar Rapids Kernels batting - Pitching for Quad Cities River Bandits : RHP Malachi Shelton
|
Batting: SHB Matt Urbani
|
0-0: Ball 1-0: Foul Ball, location: 2F 1-1: Ball 2-1: Ball 3-1: Base on Balls
|
Batting: RHB John Dew
|
0-0: Called Strike 0-1: Fielders Choice at 2nd, 4-6 (Groundball, 4, EV 78.1 MPH)
|
Batting: RHB Ryan Gautney
|
0-0: SINGLE (Groundball, 56D, EV 107.5 MPH) John Dew to second
|
Batting: LHB David Campbell
|
0-0: Fly out, F7 (Flyball, 78M, EV 86.9 MPH)
|
Batting: SHB Manny Molina
|
0-0: Ball 1-0: SINGLE (Line Drive, 7S, EV 111.2 MPH) John Dew to third Ryan Gautney to second
|
Batting: RHB Tony Crespo
|
0-0: Called Strike 0-1: Swinging Strike 0-2: DOUBLE (Flyball, 78D, EV 96.2 MPH) John Dew scores Ryan Gautney scores Manny Molina to third Runner from 3rd tries for Home, throw by CF and OUT! 8-6-2
|
Bottom of the 7th over - 2 runs, 3 hits, 0 errors, 1 left on base; Quad Cities 3 - Cedar Rapids 11 |
TOP OF THE 8TH |
Quad Cities River Bandits batting - Pitching for Cedar Rapids Kernels : LHP Kevin Drew
|
Pinch Hitting: LHB Mike Staley
|
0-0: Ground out 5-3 (Groundball, 56, EV 108.1 MPH)
|
Batting: RHB Marty King
|
0-0: Called Strike 0-1: Foul Ball, location: 2F 0-2: Ball 1-2: Fly out, F9 (Flyball, 9S, EV 88.8 MPH)
|
Pinch Hitting: RHB Yoshitoshi Mori
|
0-0: Called Strike 0-1: Swinging Strike 0-2: Ball 1-2: Ball 2-2: Foul Ball, location: 2F 2-2: Ground out 4-3 (Groundball, 34D, EV 80.0 MPH)
|
Top of the 8th over - 0 runs, 0 hits, 0 errors, 0 left on base; Quad Cities 3 - Cedar Rapids 11 |
BOTTOM OF THE 8TH |
Cedar Rapids Kernels batting - Pitching for Quad Cities River Bandits : RHP Malachi Shelton
|
Now at 1B: Danny Jensen
|
|
Now in RF: Mike Staley
|
|
Pinch Hitting: RHB Antonio Santos
|
0-0: Swinging Strike 0-1: Swinging Strike 0-2: Foul Ball, location: 2F 0-2: Ball 1-2: Strikes out looking
|
Batting: RHB Nick Phipps
|
0-0: Ball 1-0: SINGLE (Groundball, 6D, EV 98.1 MPH)
|
Batting: RHB Rick Kendall
|
0-0: Foul Ball, location: 2F 0-1: Ball 1-1: Swinging Strike 1-2: Foul Ball, location: 2F 1-2: Ball 2-2: Foul Ball, location: 2F 2-2: Ball 3-2: Base on Balls Nick Phipps to second
|
Batting: SHB Matt Urbani
|
0-0: Ball 1-0: Foul Ball, location: 2F 1-1: Ball 2-1: Ball 3-1: DOUBLE (Groundball, 3L, EV 105.6 MPH) Nick Phipps scores Rick Kendall to third Runner from 3rd tries for Home, SAFE, throw by RF to trailing runner, SAFE at third!
|
Pitching: RHP Hector Carrillo
|
|
Batting: RHB John Dew
|
0-0: Ball 1-0: Foul Ball, location: 2F 1-1: Ball 2-1: SINGLE (Groundball, 56D, EV 108.1 MPH) Matt Urbani scores
|
Batting: RHB Ryan Gautney
|
0-0: Grounds into double play, 6-4-3 (Groundball, 6, EV 86.2 MPH)
|
Bottom of the 8th over - 3 runs, 3 hits, 0 errors, 0 left on base; Quad Cities 3 - Cedar Rapids 14 |
TOP OF THE 9TH |
Quad Cities River Bandits batting - Pitching for Cedar Rapids Kernels : LHP Kevin Drew
|
Pitching: RHP Cody Bryant
|
|
Now in LF: Aaron Elliott
|
|
Batting: RHB Alex Campos
|
0-0: Ball 1-0: SINGLE (Line Drive, 9LS, EV 103.8 MPH)
|
Batting: LHB Daigo Ishii
|
0-0: Called Strike 0-1: Ball 1-1: Ball 2-1: Foul Ball, location: 2F 2-2: Strikes out swinging
|
Batting: RHB Adrian Martinelli
|
0-0: Swinging Strike 0-1: Swinging Strike 0-2: Foul Ball, location: 2F 0-2: SINGLE (Flyball, 8LS, EV 94.4 MPH) Alex Campos to second
|
Batting: RHB Erik Smith
|
0-0: Fielders Choice at 2nd, 4-6 (Groundball, 34D, EV 101.2 MPH) Alex Campos to third
|
Pinch Hitting: LHB Danny Wolver
|
0-0: Called Strike 0-1: Fly out, F6 (Popup, 6, EV 68.8 MPH)
|
Top of the 9th over - 0 runs, 2 hits, 0 errors, 2 left on base; Quad Cities 3 - Cedar Rapids 14 |
|